 Dungeon Crawl Stone Soup version 0.31.0-9-g3a7656b989 (webtiles) character file.

Game seed: 13788969565887480185

235 qw the Shooter (level 5, -9/27 HPs)
             Began as a Spriggan Hunter on Feb 2, 2024.
             Mangled by an ogre
             ... wielding a +0 giant club
              (26 damage)
             ... on level 5 of the Dungeon.
             The game lasted 00:00:09 (2028 turns).

qw the Shooter (Spriggan Hunter)                    Turns: 2028, Time: 00:00:09

Health: -9/27      AC:  2    Str:  7    XL:     5   Next: 76%
Magic:  6/6        EV: 20    Int: 10    God:
Gold:   161        SH:  0    Dex: 21    Spells: 4/4 levels left

rFire   + . .        a - +0 shortbow
rCold   . . .        (shield currently unavailable)
rNeg    + . .        c - +0 robe
rPois   .            (helmet restricted)
rElec   .            (no cloak)
rCorr   .            (gloves unavailable)
SInv    +            (boots unavailable)
Will    .....        i - amulet of faith
Stlth   ++           j - ring of positive energy
HPRegen 0.24/turn    m - ring of protection from fire
MPRegen 0.10/turn

%: faith
@: very quick
A: very small, no large weapons, unfitting armour, see invisible, speed 3
a: no special abilities


You were on level 5 of the Dungeon.
You visited 1 branch of the dungeon, and saw 5 of its levels.

You collected 161 gold pieces.


Innate Abilities, Weirdness & Mutations

You are very small and have problems with some larger weapons.
You are too small for most types of armour.
You have supernaturally acute eyesight. (SInv)
You cover ground extremely quickly. (Speed+++)


   Skills:
 - Level 2.5 Fighting
 + Level 5.6 Ranged Weapons
 - Level 5.2 Dodging
 - Level 1.5 Stealth


You had 4 spell levels left.
You didn't know any spells.
Your spell library was empty.

Inventory:

Hand Weapons
 a - a +0 shortbow (weapon)
Armour
 c - a +0 robe (worn)
Jewellery
 b - an amulet of the acrobat
 i - an amulet of faith (around neck)
 j - a ring of positive energy (left hand)
 m - a ring of protection from fire (right hand)
Wands
 l - a wand of flame (15) (quivered)
Potions
 g - a potion of ambrosia {unknown}
 h - a potion of magic {unknown}
 k - a potion of resistance {unknown}

Dungeon Overview and Level Annotations

Branches:
Dungeon (6/15)
 Temple: D:4-7

Altars:

Shops:
D:1 =


Message History

The jackal misses you. The ogre misses you. The jackal completely misses you.
2023 ||| ZAPPING wand of flame (21) at -1,0 (ogre; floor).
Aiming: Throw Flame
Press: ? - help, Q - select action, (/) - cycle Shift-Dir - straight line, f/p - ogre The puff of flame hits the ogre.
The ogre is moderately wounded.
The jackal closely misses you. The ogre completely misses you.
2024 ||| ZAPPING wand of flame (20) at -1,0 (ogre; floor).
Aiming: Throw Flame
Press: ? - help, Q - select action, (/) - cycle Shift-Dir - straight line, f/p - ogre The puff of flame hits the ogre.
The ogre is moderately wounded.
The jackal closely misses you. The jackal completely misses you.
2025 ||| ZAPPING wand of flame (19) at -1,0 (ogre; floor).
Aiming: Throw Flame
Press: ? - help, Q - select action, (/) - cycle Shift-Dir - straight line, f/p - ogre The puff of flame misses the ogre.
The puff of flame misses the jackal.
The ogre completely misses you. The jackal completely misses you.
2026 ||| ZAPPING wand of flame (18) at -1,0 (ogre; floor).
Aiming: Throw Flame
Press: ? - help, Q - select action, (/) - cycle Shift-Dir - straight line, f/p - ogre The puff of flame hits the ogre.
The ogre is heavily wounded.
The jackal bites you but does no damage.
The ogre completely misses you.
2027 ||| ZAPPING wand of flame (17) at -1,0 (ogre; floor).
Aiming: Throw Flame
Press: ? - help, Q - select action, (/) - cycle Shift-Dir - straight line, f/p - ogre The puff of flame hits the ogre.
The ogre is severely wounded.
The jackal bites you but does no damage.
The jackal barely misses you.
2028 ||| ZAPPING wand of flame (16) at -1,0 (ogre; floor).
Aiming: Throw Flame
Press: ? - help, Q - select action, (/) - cycle Shift-Dir - straight line, f/p - ogre The puff of flame misses the ogre.
The puff of flame hits the jackal.
The jackal is almost dead.
The ogre hits you with a +0 giant club!!
Ouch! That really hurt!
You die...

#. #. +.. ...
#.. .. #.. #. #
#.####.#####.
#hO@# ..#...
.....$#h###.#.#
..... #.......#
.... ####....#
... ###..## ..
#####...## .
..........#####
..........>...#
.......###.##.#


You could see an ogre and 2 jackals.

Vanquished Creatures
  A scorpion (D:6)
  A hound (D:5)
  2 iguanas
  4 adders
  A dart slug (D:2)
  An orc (D:6)
  4 bats (D:1)
  4 endoplasms
  2 giant cockroaches (D:1)
  5 goblins
  6 hobgoblins
  7 jackals
  4 quokkas
  5 ball pythons
  A frilled lizard (D:1)
  5 kobolds
  5 rats
58 creatures vanquished.

Notes
Turn   | Place    | Note
-------+----------+-------------------------------------------
     0 | D:1      | qw the Spriggan Hunter began the quest for the Orb.
     0 | D:1      | Reached XP level 1. HP: 10/10 MP: 2/2
     0 | D:1      | 0 ||| qw: Version: 0.3-a-155-g5e7d8dd
     0 | D:1      | 0 ||| qw: Game counter: 1008
     0 | D:1      | 0 ||| qw: Melee chars always use a shield: true
     0 | D:1      | 0 ||| qw: God list: Okawaru
     0 | D:1      | 0 ||| qw: Allow faded altars: false
     0 | D:1      | 0 ||| qw: Do Orc after clearing Dungeon:15 true
     0 | D:1      | 0 ||| qw: Do second Lair branch before Depths: true
     0 | D:1      | 0 ||| qw: Lair rune preference: random
     0 | D:1      | 0 ||| qw: Goals: Normal
     0 | D:1      | 0 ||| PLANNING D:1-11
    23 | D:1      | Reached skill level 3 in Dodging
    52 | D:1      | Found Sidof's Jewellery Emporium.
    60 | D:1      | 60 ||| SHOPLISTING +4 ring of protection (360 gold, have
                  | 0).
    60 | D:1      | 60 ||| SHOPLISTING +6 ring of dexterity (360 gold, have 0).
    60 | D:1      | 60 ||| SHOPLISTING +6 ring of strength (360 gold, have 0).
    60 | D:1      | 60 ||| SHOPLISTING amulet of reflection (300 gold, have 0).
    60 | D:1      | 60 ||| SHOPLISTING ring of poison resistance (200 gold,
                  | have 0).
    60 | D:1      | 60 ||| SHOPLISTING ring of protection from cold (250 gold,
                  | have 0).
    60 | D:1      | 60 ||| SHOPLISTING ring of the Lost Interlopers {rElec EV+5
                  | Str+3 Int-4} (479 gold, have 0).
   134 | D:1      | Reached XP level 2. HP: 14/14 MP: 3/3
   821 | D:1      | 821 ||| READING scroll labelled YKOBBAI CUIMUL.
   822 | D:1      | 822 ||| READING scroll labelled FAROOQ YTIC.
   822 | D:1      | 822 ||| IDENTIFYING fuming inky potion
   823 | D:1      | 823 ||| DROPPING scroll of butterflies.
   865 | D:2      | 865 ||| STAIRDANCE
   890 | D:2      | 890 ||| STAIRDANCE
   896 | D:2      | Reached XP level 3. HP: 18/18 MP: 4/4
  1340 | D:2      | 1340 ||| UPGRADING to amulet of faith.
  1345 | D:2      | 1345 ||| UPGRADING to ring of positive energy.
  1346 | D:2      | 1346 ||| UPGRADING to ring of protection from fire.
  1347 | D:2      | 1347 ||| READING scroll labelled IQUISAO KAKKE.
  1347 | D:2      | Identified a scroll of acquirement
  1347 | D:2      | 1347 ||| ACQUIRING amulet of the acrobat
  1347 | D:2      | Acquired an amulet of the acrobat
  1349 | D:2      | 1349 ||| READING scroll labelled ZISOPH WIRY.
  1354 | D:2      | 1354 ||| READING scroll labelled ASCHOK IDURPH.
  1648 | D:3      | 1648 ||| STAIRDANCE
  1653 | D:3      | 1653 ||| STAIRDANCE
  1656 | D:2      | Reached XP level 4. HP: 20/22 MP: 5/5
  1671 | D:3      | 1671 ||| STAIRDANCE
  1686 | D:3      | 1686 ||| FLEEEEING.
  1688 | D:3      | 1688 ||| FLEEEEING.
  1689 | D:3      | 1689 ||| STAIRDANCE
  1746 | D:3      | 1746 ||| STAIRDANCE
  1779 | D:3      | You fall into a shaft and drop 3 floors!
  1800 | D:6      | Noticed a scorpion
  1801 | D:6      | 1801 ||| DRINKING potion of haste.
  1809 | D:6      | Killed a scorpion
  1810 | D:6      | Reached XP level 5. HP: 20/27 MP: 6/6
  1963 | D:6      | 1963 ||| READING 2 scrolls labelled ROWKALAOCE.
  1964 | D:6      | 1964 ||| DROPPING scroll of blinking.
  1973 | D:5      | Entered Level 5 of the Dungeon
  2011 | D:5      | Noticed an ogre
  2022 | D:5      | 2022 ||| ZAPPING wand of flame (22) at -1,0 (ogre; floor).
  2023 | D:5      | 2023 ||| ZAPPING wand of flame (21) at -1,0 (ogre; floor).
  2024 | D:5      | 2024 ||| ZAPPING wand of flame (20) at -1,0 (ogre; floor).
  2025 | D:5      | 2025 ||| ZAPPING wand of flame (19) at -1,0 (ogre; floor).
  2026 | D:5      | 2026 ||| ZAPPING wand of flame (18) at -1,0 (ogre; floor).
  2027 | D:5      | 2027 ||| ZAPPING wand of flame (17) at -1,0 (ogre; floor).
  2028 | D:5      | 2028 ||| ZAPPING wand of flame (16) at -1,0 (ogre; floor).
  2028 | D:5      | Mangled by an ogre

Levels and vault maps discovered:
D:1:      dpeg_arrival_subterranean_lakeside_camping, layout_loops_ring,
          serial_shops, nicolae_shop_gaudy_bauble
D:2:      layout_basic, serial_forest, infiniplex_forest_clump_small,
          infiniplex_forest_side_room, infiniplex_forest_end_1,
          infiniplex_forest_end_1, infiniplex_forest_lined_1,
          infiniplex_forest_clump_small, infiniplex_forest_lined_2,
          corner_web_ring
D:3:      layout_rooms, kennysheep_ying_yang,
          hellmonk_ecumenical_altar_heavens_door
D:5:      layout_basic, lemuel_flamethrower_2
D:6:      layout_basic, mainiacjoe_overflow_alcove_2

Skill      XL: |  1  2  3  4 |
---------------+-------------+-----
Dodging        | 3 4 5 |  5.2
Ranged Weapons | 5 |  5.6
Fighting       | 2 |  2.5
Stealth        | |  1.5

Action                     |  1- 3 |  4- 6 || total
---------------------------+-------+-------++-------
   Fire: Shortbow          |   116 |    74 ||   190
  Evoke: Wand              |       |     7 ||     7
    Use: Scroll            |     5 |     1 ||     6
         Potion            |       |     1 ||     1
 Armour: Robe              |     9 |    20 ||    29
  Dodge: Dodged            |    80 |    74 ||   154

Table legend:
 A = Non-vault XP
 B = Vault XP
 C = Vault XP percentage of total XP
 D = Non-vault monster count
 E = Vault monster count
 F = Vault count percentage of total count
                 A         B        C        D         E       F
            +---------+---------+-------+---------+---------+-------
      Total |     326 |      10 |   3.0 |      52 |       6 |  10.3
            +---------+---------+-------+---------+---------+-------
        D:1 |      29 |      10 |  25.6 |      17 |       6 |  26.1
        D:2 |      63 |       0 |   0.0 |      22 |       0 |   0.0
        D:3 |      19 |       0 |   0.0 |       5 |       0 |   0.0
        D:5 |      94 |       0 |   0.0 |       5 |       0 |   0.0
        D:6 |     121 |       0 |   0.0 |       3 |       0 |   0.0
            +---------+---------+-------+---------+---------+-------
